 Dungeon Crawl Stone Soup version 0.28.0-47-ge53b351184 (webtiles) character file.

Game seed: 14731817878288661007

4832 Kaptain the Geomancer (level 10, -5/63 HPs)
             Began as a Gargoyle Earth Elementalist on Apr 25, 2022.
             Slain by a komodo dragon (13 damage)
             ... on level 1 of the Lair of Beasts.
             The game lasted 00:21:43 (12218 turns).

Kaptain the Geomancer (GrEE)                       Turns: 12218, Time: 00:21:44

Health: -5/63      AC: 20    Str: 11    XL:     10   Next: 49%
Magic:  9/19       EV: 12    Int: 21    God:
Gold:   482        SH:  0    Dex: 10    Spells: 17/21 levels left

rFire   . . .      SeeInvis .   G - +8 glaive of the Guard {elec, spectral, AC+5}
rCold   + . .      Faith    .   (shield currently unavailable)
rNeg    + + .      Spirit   .   i - +0 leather armour
rPois   ∞          Reflect  .   s - +1 helmet of Decompression {rC+}
rElec   +          Harm     .   (no cloak)
rCorr   .          Rampage  .   f - +0 pair of gloves
Will    .....                   B - +0 pair of boots
Stlth   ++........              (no amulet)
HPRegen 0.20/turn               x - ring of positive energy
MPRegen 0.16/turn               (no ring)

@: no status effects
A: sickness immunity, AC +7, negative energy resistance 1, electricity
resistance, torment resistance 1, petrification resistance
a: no special abilities


You were on level 1 of the Lair of Beasts.
You visited 3 branches of the dungeon, and saw 10 of its levels.

You collected 497 gold pieces.
You spent 15 gold pieces at shops.

Inventory:

Hand Weapons
 c - a +2 dagger of venom
 l - a +0 hunting sling
 q - a +1 rapier
 t - a +0 flail of protection
 v - a +0 trident
 E - a +0 scimitar
 G - the +8 glaive of the Guard (weapon) {elec, spectral, AC+5}
   (You found it on level 8 of the Dungeon)

   It occasionally discharges a powerful burst of electricity upon striking a
   foe.
   When it strikes, its spirit leaps out and fights alongside the wielder.
   AC:        It affects your AC (+5).
Missiles
 b - 188 stones
 u - 5 throwing nets
 A - 21 sling bullets
Armour
 f - a +0 pair of gloves (worn)
 i - a +0 leather armour (worn)
 s - the +1 helmet of Decompression (worn) {rC+}
   (You took it off Robin on level 3 of the Dungeon)

   rC:        It protects you from cold.
 w - a +0 kite shield
 B - a +0 pair of boots (worn)
Magical Staves
 o - a staff of cold
 J - a staff of fire
Jewellery
 x - a ring of positive energy (left hand)
Wands
 F - a wand of polymorph (10)
Scrolls
 e - 5 scrolls of teleportation
 g - 2 scrolls of enchant weapon
 j - a scroll of enchant armour
 k - 2 scrolls of blinking
 m - a scroll of vulnerability {unknown}
 n - a scroll of immolation {unknown}
 p - 2 scrolls of fog
 r - a scroll of amnesia
 y - a scroll of silence {unknown}
 C - 2 scrolls of noise {unknown}
 H - a scroll of magic mapping {unknown}
 I - 2 scrolls of identify
Potions
 a - 4 potions of heal wounds
 d - 2 potions of flight
 h - a potion of mutation
 z - a potion of cancellation
 D - a potion of might


   Skills:
 * Level 7.2 Fighting
 + Level 4.8 Armour
 - Level 3.4 Dodging
 + Level 4.1 Stealth
 + Level 2.7 Shields
 * Level 6.4 Spellcasting
 * Level 7.0 Conjurations
 - Level 0.7 Transmutations
 * Level 8.8 Earth Magic


You had 17 spell levels left.
You knew the following spells:

 Your Spells              Type           Power      Damage    Failure   Level
a - Sandblast             Erth           86%        2d18      1%          1
b - Stone Arrow           Conj/Erth      80%        3d12      1%          3

Your spell library contained the following spells:

 Spells                   Type           Power      Damage    Failure   Level
 Passwall                 Tmut/Erth      21%        N/A       2%          2
 Beastly Appendage        Tmut           18%        N/A       9%          1
 Animate Skeleton         Necr           12%        N/A       12%         1
 Apportation              Tloc           12%        N/A       12%         1
 Pain                     Necr           24%        1d5       12%         1
 Summon Small Mammal      Summ           24%        N/A       12%         1
 Petrify                  Tmut/Erth      26%        N/A       17%         4
 Summon Guardian Golem    Hex/Summ       6%         N/A       34%         3
 Vampiric Draining        Necr           6%         2d6       34%         3
 Animate Dead             Necr           3%         N/A       75%         4
 Orb of Destruction       Conj           18%        9d8       99%         7
 Haunt                    Necr/Summ      3%         N/A       100%        7
 Malign Gateway           Summ/Tloc      3%         N/A       100%        7
 Monstrous Menagerie      Summ           3%         N/A       100%        7
 Spellforged Servitor     Conj/Summ      10%        N/A       100%        7
 Infestation              Necr           3%         N/A       100%        8
 Summon Horrible Things   Summ           3%         N/A       100%        8
 Dragon's Call            Summ           3%         N/A       100%        9


Dungeon Overview and Level Annotations

Branches:
Dungeon (8/15)             Temple (1/1) D:4            Lair (1/6) D:8

Altars:
Ashenzari
Cheibriados
Dithmenos
Elyvilon
Fedhas
Gozag
Hepliaklqana
Kikubaaqudgha
Makhleb
Nemelex Xobeh
Okawaru
Qazlal
Ru
Sif Muna
Trog
Uskayaw
Vehumet
Wu Jian
Xom
Yredelemnul
Zin
The Shining One
Beogh

Shops:
D:2 [   D:8 *


Innate Abilities, Weirdness & Mutations

You are immune to sickness and miasma.
Your stone body is resilient. (AC +7)
You are immune to poison.
You resist negative energy. (rN+)
You are resistant to electric shocks. (rElec)
You are resistant to unholy torment.
You are immune to petrification.


Message History

Casting: Stone Arrow (safe; 1% risk of failure)
Confirm with . or Enter, or press ? or * to list all spells.
Aiming: Stone Arrow (safe; 1% risk of failure)
Press: ? - help, Shift-Dir - straight line, f - water moccasin
Aim: a water moccasin (57% to hit)
The stone arrow hits the water moccasin!!
The water moccasin is severely wounded.
The water moccasin barely misses you.
Unknown command.
You hit the water moccasin.
Lightning courses through the water moccasin!!
You kill the water moccasin!
The komodo dragon bites you but does no damage.
Unknown command.
You closely miss the komodo dragon.
Your +8 glaive of the Guard {elec, spectral, AC+5} hits the komodo dragon from afar!!
The komodo dragon bites you!
Unknown command.
You barely miss the komodo dragon.
The komodo dragon is heavily wounded.
Your +8 glaive of the Guard {elec, spectral, AC+5} misses the komodo dragon.
The komodo dragon bites you! x2
Unknown command.
Casting: Stone Arrow (safe; 1% risk of failure)
Confirm with . or Enter, or press ? or * to list all spells.
Aiming: Stone Arrow (safe; 1% risk of failure)
Press: ? - help, Shift-Dir - straight line, f - komodo dragon
Aim: a komodo dragon (heavily wounded, 82% to hit)
The stone arrow hits the komodo dragon!
The komodo dragon is almost dead.
The komodo dragon bites you!
* * * LOW HITPOINT WARNING * * *
Casting: Stone Arrow (safe; 1% risk of failure)
Confirm with . or Enter, or press ? or * to list all spells.
Aiming: Stone Arrow (safe; 1% risk of failure)
Press: ? - help, Shift-Dir - straight line, f/p - komodo dragon
Aim: a komodo dragon (blue smoke, almost dead, 82% to hit)
The stone arrow misses the komodo dragon.
The komodo dragon bites you!
You die...

##.........#
##.......##
##...####.# #
#......#P.#
....####........
#................
#...####...#####.
P #....## #@#..P#
♣l.#.....
#.†♣§+...... #...
........ #....
#....... ......
.##.#.. .♣...#.
.. # ....... ..#
...♣... .# .....


You could see a komodo dragon.

Vanquished Creatures
  Harold (D:8)
  A hydra (Lair:1)
  A cane toad (Lair:1)
  A wyvern (Lair:1)
  4 water moccasins
  An ice beast (D:4)
  2 orc warriors (D:8)
  2 black bears (D:5)
  A hornet zombie (D:5)
  2 sky beasts
  A necrophage (D:8)
  2 centaurs
  3 ogres
  A kobold brigand (D:6)
  A wyvern zombie (D:7)
  A bullfrog (D:8)
  A gnoll sergeant (D:7)
  2 scorpions
  2 water moccasin skeletons
  2 howler monkeys
  A jelly (D:4)
  2 centaur zombies
  3 bullfrog zombies
  A bullfrog skeleton (D:4)
  A centaur skeleton (D:5)
  2 orc priests
  2 hounds (D:4)
  A gnoll shaman (D:3)
  An iguana (D:6)
  An orc wizard (D:5)
  Natasha (D:3)
  2 killer bee zombies
  Robin (D:3)
  5 adders
  18 gnolls
  3 white imps (D:7)
  An ufetubus (D:7)
  An adder skeleton (D:4)
  A worm (D:2)
  8 dart slugs
  45 orcs
  3 endoplasms
  6 giant cockroaches
  13 goblins
  11 hobgoblins
  9 jackals
  2 quokkas
  8 ball pythons
  6 bats
  A frilled lizard (D:3)
  25 kobolds
  5 rats
222 creatures vanquished.

Vanquished Creatures (others)
  A human (D:4)
  An orc wizard (D:5)
  49 plants
51 creatures vanquished.

Grand Total: 273 creatures vanquished

Notes
Turn   | Place    | Note
-------+----------+-------------------------------------------
     0 | D:1      | Kaptain the Gargoyle Earth Elementalist began the quest for
                  | the Orb.
     0 | D:1      | Reached XP level 1. HP: 10/10 MP: 3/3
   594 | D:1      | Reached XP level 2. HP: 16/16 MP: 5/5
  1194 | D:2      | Found Kilexeh's Armour Boutique.
  1214 | D:2      | Reached skill level 1 in Fighting
  1223 | D:2      | Reached skill level 1 in Conjurations
  1397 | D:2      | Reached XP level 3. HP: 15/20 MP: 4/6
  1401 | D:2      | Learned a level 3 spell: Stone Arrow
  1489 | D:2      | Reached skill level 4 in Earth Magic
  1774 | D:2      | Reached skill level 1 in Armour
  1824 | D:2      | Reached XP level 4. HP: 24/25 MP: 7/7
  1899 | D:2      | Found a faded altar of an unknown god.
  2132 | D:2      | Found an ornate altar of the Wu Jian Council.
  2476 | D:3      | Reached XP level 5. HP: 30/30 MP: 5/9
  2563 | D:3      | Noticed a water moccasin
  2570 | D:3      | Killed a water moccasin
  2571 | D:3      | Reached XP level 6. HP: 27/36 MP: 1/10
  3436 | D:3      | Found a basalt altar of Yredelemnul.
  3492 | D:3      | Found an ornate altar of the Wu Jian Council.
  3755 | D:4      | Reached skill level 5 in Earth Magic
  3781 | D:4      | Noticed Natasha
  3831 | D:4      | Identified the +1 helmet of Decompression {rC+}
  3831 | D:4      | Noticed Robin
  4001 | D:3      | Killed Robin
  4002 | D:3      | Reached XP level 7. HP: 18/41 MP: 5/12
  4011 | D:3      | Killed Natasha
  5267 | D:4      | Found an ancient bone altar of Kikubaaqudgha.
  5268 | D:4      | Noticed a human
  5271 | D:4      | Killed a human
  5376 | D:4      | Found a staircase to the Ecumenical Temple.
  5430 | Temple   | Entered the Ecumenical Temple
  5575 | D:4      | Found a radiant altar of Vehumet.
  5692 | D:5      | Entered Level 5 of the Dungeon
  5761 | D:4      | Reached XP level 8. HP: 21/48 MP: 1/14
  5986 | D:5      | Reached skill level 6 in Earth Magic
  6192 | D:5      | Found a hazy altar of Hepliaklqana.
  6593 | D:5      | Reached skill level 5 in Fighting
  7319 | D:6      | Reached skill level 5 in Conjurations
  7610 | D:6      | Reached XP level 9. HP: 54/54 MP: 3/16
  7733 | D:6      | Reached skill level 7 in Earth Magic
  7842 | D:6      | Reached skill level 5 in Spellcasting
  8982 | D:7      | Found a glowing golden altar of the Shining One.
 10585 | D:8      | Found the +8 glaive of the Guard {elec, spectral, AC+5}
 10637 | D:8      | Found a blossoming altar of Fedhas.
 10640 | D:8      | Found an opulent altar of Gozag.
 10640 | D:8      | Found a burning altar of Makhleb.
 10643 | D:8      | Found a glowing silver altar of Zin.
 10672 | D:8      | Noticed Harold
 10684 | D:8      | Killed Harold
 10685 | D:8      | Reached skill level 1 in Shields
 10974 | D:8      | Reached skill level 8 in Earth Magic
 10996 | D:8      | Reached XP level 10. HP: 33/61 MP: 7/18
 11215 | D:8      | Found a staircase to the Lair.
 11540 | D:8      | Got the Papyrus of Supportive Changing
 11643 | D:8      | Found Nelopu's CLEARANCE SALE!.
 11649 | D:8      | Bought a potion of heal wounds for 15 gold pieces
 11790 | Lair:1   | Entered Level 1 of the Lair of Beasts
 11793 | Lair:1   | Noticed a five-headed hydra
 11806 | Lair:1   | Killed a six-headed hydra
 12131 | Lair:1   | Noticed a cane toad
 12134 | Lair:1   | Killed a cane toad
 12218 | Lair:1   | Slain by a komodo dragon

Illustrated notes

Levels and vault maps discovered:
D:1:      dpeg_arrival_rhombus, layout_loops_ring, minmay_split_cup_small
D:2:      layout_rooms, serial_shops, shop, basic_altar,
          chequers_ecumenical_altar_island, minmay_domino_2
D:3:      layout_basic, mainiacjoe_overflow_two_lobes
D:4:      layout_rooms, tgw_kikubaaqudgha, kennysheep_little_box,
          minmay_temple_entry_gardened_gates, interstate_on_off, uniq_robin,
          uniq_natasha
D:5:      layout_loops_ring, amcnicky_altar_gilded
D:6:      kennysheep_kobold_camp, layout_basic, minmay_hedge_maze,
          kennysheep_pointless_box, kennysheep_another_room
D:7:      layout_layer_cave, nicolae_tso_carved_into_rock
D:8:      layout_gridville, grunt_temple_overflow_open, lair_entry_dummy,
          special_room [special_room_orc], nicolae_shop_clearance, uniq_harold
Temple:   chequers_temple_sunken
Lair:1:   layout_gridlike, ebering_ghost_inner_flame, st_stairs_5,
          grunt_megastairs_4

Skill      XL: |  1  2  3  4  5  6  7  8  9 10 |
---------------+-------------------------------+-----
Fighting       | 1 2 3 4 5 6 7 |  7.2
Conjurations   | 1 2 3 4 5 6 7 |  7.0
Earth Magic    | 4 5 6 8 |  8.8
Armour         | 1 2 3 4 |  4.8
Dodging        | 2 3 |  3.4
Spellcasting   | 3 4 5 6 |  6.4
Stealth        | 3 4 |  4.1
Shields        | 1 2 |  2.7
Transmutations | |  0.7

Action                   |  1- 3 |  4- 6 |  7- 9 | 10-12 || total
-------------------------+-------+-------+-------+-------++-------
Melee: Mace              |    47 |       |       |       ||    47
       Short sword       |    31 |    11 |       |       ||    42
       Punch             |     1 |     1 |     1 |       ||     3
       Flail             |       |    60 |    29 |       ||    89
       Rapier            |       |       |    82 |       ||    82
       Glaive            |       |       |    21 |    14 ||    35
 Cast: Sandblast         |    32 |    41 |    62 |     5 ||   140
       Stone Arrow       |       |    29 |   117 |    21 ||   167
  Use: Scroll            |       |       |    10 |       ||    10
       Potion            |       |       |     7 |       ||     7
 Stab: Sleeping          |       |     1 |     1 |       ||     2
Armor: Robe              |     5 |       |       |       ||     5
       Leather armour    |    40 |    61 |   119 |    15 ||   235
Dodge: Dodged            |    63 |    83 |   126 |    17 ||   289
